 Dungeon Crawl Stone Soup version 0.23.1 (webtiles) character file.

Game seed: 0

301 Fang the Skirmisher (level 6, 0/40 HPs)
             Began as a Gargoyle Berserker on Feb 28, 2019.
             Was a Believer of Trog.
             Killed from afar by an orc wizard (11 damage)
             ... with a puff of flame
             ... on level 4 of the Dungeon on Mar 1, 2019.
             The game lasted 00:06:19 (3550 turns).

Fang the Skirmisher (Gargoyle Berserker)            Turns: 3550, Time: 00:06:20

Health: 0/40       AC:  6    Str: 22    XL:     6   Next: 37%
Magic:  6/6        EV: 12    Int:  8    God:    Trog [**....]
Gold:   243        SH:  0    Dex:  9    Spells: 5/5 levels left

rFire    . . .     SeeInvis .   a - +0 hand axe
rCold    + . .     Gourm    .   (no shield)
rNeg     + . .     Faith    .   b - +0 animal skin
rPois    ∞         Spirit   .   (no helmet)
rElec    +         Reflect  .   (no cloak)
rCorr    .         Harm     .   (no gloves)
MR       .....                  (no boots)
Stlth    +.........             (no amulet)
HPRegen  0.13/turn              w - ring of ice
MPRegen  0.10/turn              x - ring of protection from fire

@: confused
A: negative energy resistance 1, electricity resistance, unbreathing,
petrification resistance, rot immunity, AC +4
a: Berserk, Trog's Hand, Renounce Religion


You were on level 4 of the Dungeon.
You worshipped Trog.
Trog was pleased with you.
You were very hungry.

You visited 1 branch of the dungeon, and saw 4 of its levels.
You also visited: Sewer.

You collected 243 gold pieces.

Inventory:

Hand Weapons
 a - a +0 hand axe (weapon)
Armour
 b - a +0 animal skin (worn)
Jewellery
 w - a ring of ice (left hand)
 x - a ring of protection from fire (right hand)
Scrolls
 e - 2 scrolls of remove curse {unknown}
 f - 3 scrolls of magic mapping {unknown}
 h - 2 scrolls of noise {unknown}
 i - a scroll of enchant armour {unknown}
 j - 4 scrolls of teleportation {unknown}
 k - 7 scrolls of identify {unknown}
 m - a scroll of amnesia {unknown}
 n - a scroll of fear {unknown}
 u - a scroll of fog {unknown}
Potions
 d - a potion of degeneration {unknown}
 g - a potion of might {unknown}
 l - 2 potions of ambrosia {unknown}
 o - a potion of magic {unknown}
 p - a potion of heal wounds {unknown}
 q - a potion of mutation {unknown}
 r - a potion of curing {unknown}
 s - 2 potions of berserk rage {unknown}
 t - a potion of cancellation {unknown}
 v - 2 potions of agility {unknown}
Comestibles
 c - 9 rations


   Skills:
 + Level 4.8 Fighting
 + Level 3.9 Axes
 + Level 4.0 Armour
 + Level 2.9 Dodging


You had 5 spell levels left.
You didn't know any spells.
Your spell library was empty.

Dungeon Overview and Level Annotations

Branches:
Dungeon (4/15)
 Temple: D:4-7

Altars:
Ashenzari
Ru
Sif Muna
Trog
Vehumet
Wu Jian
The Shining One


Innate Abilities, Weirdness & Mutations

You are resistant to torment.
Your stone body is resilient. (AC +4)
You are immune to poison.
You resist negative energy. (rN+)
You are resistant to electric shocks. (rElec)
You can survive without breathing.
You are immune to petrification.
You are immune to rotting.


Message History

The orc wizard casts a spell.
The orc wizard flickers and vanishes!
Deactivating autopickup; reactivate with Ctrl-A.
You hear some strange, mumbled words.
You are confused.
You hear some strange, mumbled words.
You are more confused.
The orc wizard gestures at you while chanting.
The puff of frost hits you. You resist.
* * * LOW HITPOINT WARNING * * *
The orc wizard looks encouraged for a moment.
The orc wizard gestures at you while chanting.
The puff of flame misses you.
A magic dart appears from out of thin air!
The magic dart hits you.
* * * LOW HITPOINT WARNING * * *
You nearly stumble into some deep water!
The orc wizard casts a spell at you. The puff of flame hits you!
You die...

..............#'######## #...
.....................(.#######...
.................................
.....####'##.....................
.....####..#.....................
......)..#.###########...........
.........#..#######..##..........
.........##.##.≈..#8..#...#######
.........##..#o§@.'._.....#
###......##..#{≈..#8..#...# #
#########..######..##...#######
######### #..#########...........
........# #..÷....# ####........
.......># #......<# #........
........# #.......# #........
........# #.......# #........
........# #....>..# #........


You could see an orc wizard.

Vanquished Creatures
  Purgy (Sewer)
  A hound (D:4)
  An iguana (D:4)
  10 adders
  A worm (D:3)
  A leopard gecko (D:1)
  An orc (D:3)
  13 bats
  5 giant cockroaches
  6 goblins
  2 hobgoblins (D:1)
  6 kobolds
  A quokka (D:4)
  6 frilled lizards
  A jackal skeleton (D:4)
  4 rats
60 creatures vanquished.

Notes
Turn   | Place    | Note
-------+----------+-------------------------------------------
     0 | D:1      | Fang the Gargoyle Berserker began the quest for the Orb.
     0 | D:1      | Reached XP level 1. HP: 14/14 MP: 1/1
   276 | D:1      | Reached XP level 2. HP: 19/19 MP: 2/2
   779 | D:2      | Reached XP level 3. HP: 20/23 MP: 3/3
   813 | D:2      | Upgraded the game from 0.23.0-42-geed6394 to 0.23.1
   995 | D:2      | Found a bloodstained altar of Trog.
  1451 | D:2      | Reached ** piety under Trog
  1690 | D:3      | Reached XP level 4. HP: 12/29 MP: 4/4
  2114 | D:3      | Found a glowing drain.
  2125 | Sewer    | Entered a sewer
  2152 | Sewer    | Noticed Purgy
  2166 | Sewer    | Killed Purgy
  2166 | Sewer    | Reached XP level 5. HP: 31/34 MP: 5/5
  2457 | D:3      | Found a sacrificial altar of Ru.
  2520 | D:3      | Reached XP level 6. HP: 24/39 MP: 6/6
  2732 | D:4      | Found a deep blue altar of Sif Muna.
  2732 | D:4      | Found a shattered altar of Ashenzari.
  2732 | D:4      | Found a glowing golden altar of the Shining One.
  2732 | D:4      | Found a radiant altar of Vehumet.
  2830 | D:4      | Found an ornate altar of the Wu Jian Council.
  2892 | D:4      | Found a deep blue altar of Sif Muna.
  3550 | D:4      | Killed from afar by an orc wizard

Skill      XL: |  1  2  3  4  5  6 |
---------------+-------------------+-----
Axes           | 3 |  3.9
Dodging        | 2 |  2.9
Armour         | 3 4 |  4.0
Fighting       | 4 |  4.8

Action                   |  1- 3 |  4- 6 || total
-------------------------+-------+-------++-------
Melee: Hand axe          |   101 |   147 ||   248
Invok: Berserk           |       |     2 ||     2
  Eat: Chunk             |     2 |     7 ||     9
Armor: Animal skin       |    41 |    57 ||    98
Dodge: Dodged            |    68 |   109 ||   177
